 Dungeon Crawl Stone Soup version 0.14.0-12-g87ee3b7 (webtiles) character file.

382 Infinimo the Cudgeler (level 6, -6/38 HPs)
             Began as a Gargoyle Berserker on Apr 15, 2014.
             Was an Elder of Trog.
             Killed from afar by a kobold (28 damage)
             ... with an exploding inner flame
             ... on Level 3 of the Dungeon.
             The game lasted 00:08:38 (3329 turns).

Infinimo the Cudgeler (Gargoyle Berserker)          Turns: 3329, Time: 00:08:38

HP  -6/38        AC 14     Str 20      XL: 6   Next: 39%
MP   6/6         EV 10     Int 10      God: Trog [****..]
Gold 77          SH  0     Dex  9      Spells:  0 memorised,  5 levels left

rFire  . . .     SeeInvis .     a - +0 mace
rCold  . . .     Clarity  .     n - -1 ring mail
rNeg   + . .     Conserve .     (no shield)
rPois  +         rCorr    .     (no helmet)
rElec  +         rRot     +     b - +0 cloak
SustAb . .       Spirit   .     j - +0 pair of gloves
rMut   .         Warding  .     (no boots)
Saprov . . .     Stasis   .     (no amulet)
MR     .....                    (no ring)
                                m - +3 ring of protection

@: exhausted, slowed, very slow, not resistant to hostile enchantments, very
unstealthy
A: life protection 1, electricity resistance, unbreathing, petrification
resistance, AC +4
a: Burn Spellbooks, Berserk, Trog's Hand, Brothers in Arms, Renounce Religion


You were on level 3 of the Dungeon.
You worshipped Trog.
Trog was greatly pleased with you.
You were hungry.

You visited 1 branch of the dungeon, and saw 3 of its levels.

You collected 77 gold pieces.

Inventory:

Hand weapons
 a - a +0,+0 mace (weapon)
Missiles
 k - 8 javelins (quivered)
Armour
 b - a +0 cloak (worn)
 j - a +0 pair of gloves (worn)
 n - a -1 ring mail (worn)
Comestibles
 c - 2 bread rations
Scrolls
 e - 4 scrolls of identify
 g - 2 scrolls of recharging
 i - a scroll of remove curse
 l - a scroll of noise
Jewellery
 m - a +3 ring of protection (left hand)
Potions
 d - 4 potions of curing
 f - a potion of magic {unknown}
 h - a potion of brilliance {unknown}
 p - 2 potions of resistance {unknown}
 q - a potion of heal wounds {unknown}


   Skills:
 - Level 3.7 Fighting
 * Level 6.4 Maces & Flails
 + Level 4.0 Armour
 - Level 1.5 Dodging
 - Level 1.2 Stealth


You had 5 spell levels left.
You didn't know any spells.

Dungeon Overview and Level Annotations

Branches:
Dungeon (3/15)

Altars:
Ashenzari
Makhleb


Innate Abilities, Weirdness & Mutations

You are resistant to torment.
You are immune to poison.
You are immune to rotting.
Your stone body is very resilient (AC +4).
You resist negative energy.
You are resistant to electric shocks.
You can survive without breathing.
You are immune to petrification.


Message History

You are no longer berserk.
You are exhausted.
You feel yourself slow down.
You are feeling hungry.
The kobold hits you with a club.
Read which item? (? for menu, Esc to quit)
As you read the scroll labeled CIQIJE DIERI, it crumbles to dust.
The creatures around you are filled with an inner flame!
It was a scroll of immolation.
The kobold is severely wounded.
The gnoll hits you from afar with a spear.
You thump the kobold!
The kobold explodes!
The fiery explosion engulfs the kobold.
The kobold explodes!
The fiery explosion engulfs the kobold.
The kobold explodes!
The fiery explosion engulfs you!
Ouch! That really hurt!
You die... ### ################ $$# #..............# KK# '(...(.........# gg#

#..............##g#
....########..§§@K# ≈## ....#
#.)§§§K# ≈≈≈≈≈#
....########(.§§§§# ≈≈≈≈≈≈#
#..........(...##'# ≈≈≈≈≈≈≈##
'...(..........# ..#≈≈≈≈≈≈≈≈≈#
#...(..()......# ..#≈≈≈≈≈≈≈≈≈#
################ ..#≈≈≈≈≈≈≈≈≈#
≈≈≈≈≈≈≈≈≈≈≈≈≈≈≈#####≈≈≈≈≈≈≈≈≈#
≈≈≈≈≈≈≈≈≈≈≈≈≈≈≈≈≈≈≈≈≈≈≈≈≈≈≈≈≈#


You could see a big kobold (inner flame), 2 gnolls, a hobgoblin (inner flame)
and 3 kobolds.

Vanquished Creatures
  2 big kobolds (D:3)
  A crimson imp (D:2)
  Crazy Yiuf (D:2)
  2 adders
  An inept feature mimic (D:3)
  An orc (D:3)
  3 giant cockroaches (D:2)
  8 goblins
  4 hobgoblins
  46 kobolds
  10 bats
  2 giant geckos
  A giant newt (D:1)
  5 rats
  A bush (D:2)
88 creatures vanquished.

Notes
Turn   | Place    | Note
--------------------------------------------------------------
     0 | D:1      | Infinimo, the Gargoyle Berserker, began the quest for the Orb.
     0 | D:1      | Reached XP level 1. HP: 14/14 MP: 1/1
   211 | D:1      | Reached XP level 2. HP: 13/19 MP: 2/2
   625 | D:2      | Acquired Trog's second power
   679 | D:2      | Reached skill level 4 in Maces & Flails
   679 | D:2      | Reached XP level 3. HP: 3/24 MP: 3/3
  1425 | D:2      | Found a burning altar of Makhleb.
  1459 | D:2      | Reached skill level 1 in Stealth
  1459 | D:2      | Reached XP level 4. HP: 9/29 MP: 4/4
  1497 | D:2      | Found a shattered altar of Ashenzari.
  1540 | D:2      | Noticed Crazy Yiuf
  1555 | D:2      | Killed Crazy Yiuf
  1555 | D:2      | Reached skill level 5 in Maces & Flails
  2030 | D:3      | Reached XP level 5. HP: 30/33 MP: 5/5
  2779 | D:3      | Noticed a big kobold
  2809 | D:3      | Killed a big kobold
  2809 | D:3      | Reached skill level 6 in Maces & Flails
  2811 | D:3      | Reached XP level 6. HP: 38/38 MP: 6/6
  2883 | D:3      | Acquired Trog's third power
  3305 | D:3      | Noticed a big kobold
  3306 | D:3      | Noticed a big kobold
  3308 | D:3      | Noticed a big kobold
  3310 | D:3      | Noticed a big kobold
  3326 | D:3      | Killed a big kobold
  3329 | D:3      | Killed from afar by a kobold

Action                   |  1- 3 |  4- 6 || total
-------------------------+-------+-------++-------
Melee: Mace              |   278 |   207 ||   485
Invok: Berserk           |       |     3 ||     3
  Use: Scroll            |       |     7 ||     7
